 Dungeon Crawl Stone Soup version 0.30-a0-702-gdf48620a09 (webtiles) character file.

Game seed: 6580106765557393437

7004 Darius099 the Grappler (level 10, -3/106 HPs)
             Began as a Troll Berserker on Jan 22, 2023.
             Was a High Priest of Trog.
             Slain by an orc wizard
             ... wielding a +2 dagger of venom
              (5 damage)
             ... on level 10 of the Dungeon.
             The game lasted 00:21:31 (7028 turns).

Darius099 the Grappler (Troll Berserker)            Turns: 7028, Time: 00:21:31

Health: -3/106     AC:  8    Str: 35    XL:     10   Next: 82%
Magic:  9/9        EV: 14    Int:  3    God:    Trog [*****.]
Gold:   411        SH:  0    Dex: 17    Spells: 9/9 levels left

rFire   . . .      SeeInvis .      - Unarmed
rCold   . . .      Faith    .    (no shield)
rNeg    . . .      Spirit   .    q - +0 troll leather armour
rPois   .          Reflect  .    (helmet restricted)
rElec   .          Harm     .    f - +1 cloak
rCorr   .          Rampage  .    (gloves unavailable)
Will    .....                    (boots unavailable)
Stlth   +                        y - amulet of regeneration
HPRegen 2.77/turn                i - +6 ring of dexterity
MPRegen 0.11/turn                n - +6 ring of strength

@: lethally poisoned (-3 -> -7), studying Unarmed Combat
A: large, unfitting armour, claws 3, regeneration 1, shaggy fur 1, tough skin 1
a: Renounce Religion, Berserk, Trog's Hand, Brothers in Arms


You were on level 10 of the Dungeon.
You worshipped Trog.
Trog was extremely pleased with you.
You visited 1 branch of the dungeon, and saw 10 of its levels.
You also visited: Sewer.

You collected 455 gold pieces.
You spent 44 gold pieces at shops.

Inventory:

Hand Weapons
 t - a +1 scimitar of flaming
Missiles
 j - 2 large rocks (quivered)
 s - 2 throwing nets
Armour
 f - a +1 cloak (worn)
 q - a +0 troll leather armour (worn)
 E - a +1 robe of willpower
Jewellery
 i - a +6 ring of dexterity (left claw)
 n - a +6 ring of strength (right claw)
 o - a ring of protection from fire
 x - a ring of protection from fire
 y - an amulet of regeneration (around neck)
Wands
 e - a wand of paralysis (8)
 p - a wand of iceblast (3)
 v - a wand of flame (20)
Scrolls
 g - 6 scrolls of teleportation
 h - a scroll of summoning
 l - a scroll of noise {unknown}
 m - a scroll of vulnerability {unknown}
 r - 2 scrolls of magic mapping
 w - a scroll of torment {unknown}
 B - a scroll of enchant weapon
 D - a scroll of fog {unknown}
Potions
 a - 3 potions of might
 b - 4 potions of haste
 c - 3 potions of flight
 d - 6 potions of curing
 k - a potion of heal wounds
 u - a potion of lignification
 A - a potion of resistance


   Skills:
 + Level 8.5 Fighting
 + Level 8.5 Dodging
 + Level 10.5 Unarmed Combat


You had 9 spell levels left.
You didn't know any spells.
Your spell library was empty.

Dungeon Overview and Level Annotations

Branches:
Dungeon (10/15)            Temple (0/1) D:6             Orc (0/2) D:9
  Sewer (visited)
   Lair: D:8-11

Altars:
Ashenzari
Fedhas
Hepliaklqana
Sif Muna
Trog

Shops:
D:3 ?   D:9 (

Annotations:
D:8 2 transporters, bande's ghost, novice GrFi
D:10 Josephine


Innate Abilities, Weirdness & Mutations

You are too large for most types of armour.
You have claws for hands.
Your natural rate of healing is unusually fast.
You are covered in fur. (AC +1)
You have tough skin. (AC +1)


Message History

Reactivating autopickup.
Something hits you.
You are more poisoned.
Deactivating autopickup; reactivate with Ctrl-A.
You hear a shout!
Things that are here:
a +0 whip; a +0 dagger; a +0 robe You scratch the stone giant but do no damage.
You feel very sick.
Josephine the Decaying Necromancer comes into view.
She is wielding a +0 dagger of venom and wearing a +2 robe of positive energy.
An orc warrior comes into view. It is wielding a +0 halberd.
The stone giant barely misses you. The shadow hits you. Something hits you.
You are more poisoned.
You are too injured to fight recklessly!
You are too injured to fight recklessly!
You are too injured to fight recklessly!
The stone giant attacks as you move away!
The stone giant hits you!!
* * * LOW HITPOINT WARNING * * *
You feel extremely sick.
The stone giant throws a large rock.
The large rock misses you. The shadow hits you!
* * * LOW HITPOINT WARNING * * *
Something hits you but does no damage.
You are more poisoned.
You feel much better.
You feel extremely sick. The shadow hits you!
* * * LOW HITPOINT WARNING * * *
A kobold brigand comes into view.
It is wielding a +0 short sword and quivering poisoned darts.
You feel very sick.
The kobold brigand shouts!
The kobold brigand throws a poisoned dart.
The poisoned dart misses you. The shadow hits you!
* * * LOW HITPOINT WARNING * * *
Things that are here:
a +0 whip; a +0 dagger; a +0 robe The shadow attacks as you move away!
The shadow barely misses you. Something hits you.
You die...

K...#
##########''''###
......?...........
~≈≈~~~~~~≈o....~~~
≈≈~≈~≈≈≈≈≈~....~~≈
~~≈≈~≈~~~~~....~~≈
.............@....
........#C@..#
#..........'.W..# .
#..........####.'...
#.....>.......#.#'##
#.............# ...#
#...###.......#....#
#...###............#
#.........†........#
##....))..).).......#


You could see a stone giant, Josephine, an orc warrior, a kobold brigand and a
shadow.

Vanquished Creatures
  A cyclops (D:9)
  2 hornets (D:9)
  Grinder (D:3)
  A wyvern (D:10)
  A shadow (D:10)
  Eustachio (D:6)
  3 steam dragons
  A warg (D:10)
  Duvessa (D:5)
  2 water moccasins
  5 orc warriors
  4 ice beasts
  A centaur (D:9)
  A phantom (D:7)
  A kobold brigand (D:8)
  3 gnoll sergeants
  3 bullfrogs
  A scorpion (D:7)
  14 wights
  Dowan (D:5)
  3 howler monkeys (D:10)
  2 lava snakes (D:8)
  8 orc priests
  5 hounds
  2 gnoll boudas
  6 jellies
  Crazy Yiuf (D:6)
  2 iguanas (D:6)
  14 orc wizards
  19 gnolls
  14 adders
  5 river rats
  2 shadow imps (D:6)
  A white imp (D:5)
  An ufetubus (D:7)
  3 worms (D:3)
  2 dart slugs
  52 orcs
  7 ball pythons
  13 endoplasms
  5 giant cockroaches
  7 goblins
  4 hobgoblins
  3 jackals (D:3)
  10 kobolds
  3 quokkas
  5 bats
  3 frilled lizards (Sewer)
  7 rats
257 creatures vanquished.

Vanquished Creatures (collateral kills)
  A manticore (D:7)
  A troll (D:9)
  Menkaure (D:5)
  3 gnolls (D:9)
  An orc (D:7)
7 creatures vanquished.

Vanquished Creatures (others)
  An orc wizard (D:10)
  8 plants (D:6)
9 creatures vanquished.

Grand Total: 273 creatures vanquished

Notes
Turn   | Place    | Note
-------+----------+-------------------------------------------
     0 | D:1      | Darius099 the Troll Berserker began the quest for the Orb.
     0 | D:1      | Reached XP level 1. HP: 22/22 MP: 0/0
   258 | D:1      | Reached XP level 2. HP: 29/29 MP: 1/1
   897 | D:2      | Reached XP level 3. HP: 18/36 MP: 2/2
   907 | D:2      | Reached ** piety under Trog
  1040 | D:2      | Found a blossoming altar of Fedhas.
  1043 | D:2      | Reached XP level 4. HP: 43/45 MP: 3/3
  1354 | D:2      | Found a faded altar of an unknown god.
  1592 | D:3      | Noticed Grinder
  1594 | D:3      | Paralysed by Grinder for 2 turns
  1605 | D:3      | Killed Grinder
  1606 | D:3      | Reached skill level 4 in Unarmed Combat
  1606 | D:3      | Reached XP level 5. HP: 42/54 MP: 4/4
  1606 | D:3      | Reached XP level 6. HP: 49/62 MP: 5/5
  1613 | D:3      | You fall into a shaft and drop 1 floor!
  1806 | D:3      | Found a glowing drain.
  1818 | Sewer    | Entered a sewer
  1908 | Sewer    | Reached skill level 5 in Unarmed Combat
  1924 | Sewer    | Found a viscous altar of Jiyva.
  1966 | Sewer    | Reached *** piety under Trog
  2052 | D:3      | Found Sikuug's Magic Scroll Shoppe.
  2071 | D:3      | Bought a scroll of identify for 22 gold pieces
  2071 | D:3      | Bought a scroll of identify for 22 gold pieces
  2397 | D:4      | Reached XP level 7. HP: 58/70 MP: 6/6
  2651 | D:4      | Found a broken altar of Ashenzari.
  3018 | D:5      | Entered Level 5 of the Dungeon
  3132 | D:5      | Found a hazy altar of Hepliaklqana.
  3132 | D:5      | Found a shimmering blue altar of Sif Muna.
  3262 | D:5      | Noticed Duvessa
  3272 | D:5      | Noticed Dowan
  3276 | D:5      | Killed Duvessa
  3283 | D:5      | Killed Dowan
  3306 | D:5      | Identified the +0 chain mail of Freedom {rCorr}
  3420 | D:5      | Reached skill level 6 in Unarmed Combat
  3427 | D:5      | Reached **** piety under Trog
  3428 | D:5      | Reached skill level 5 in Fighting
  3428 | D:5      | Reached skill level 5 in Dodging
  3456 | D:5      | Identified the +2 long sword "Qocverea" {distort, Dex+3}
  3480 | D:5      | Reached XP level 8. HP: 52/80 MP: 7/7
  3684 | D:5      | Noticed Menkaure
  3693 | D:5      | Killed Menkaure
  4122 | D:6      | Found a runed translucent door.
  4123 | D:6      | Noticed Crazy Yiuf
  4133 | D:6      | Killed Crazy Yiuf
  4155 | D:6      | Identified the +4 hammer "Ikhliocwy" {heavy, rC+ Str-4
                  | Dex+3}
  4231 | D:6      | Noticed Eustachio
  4250 | D:6      | Killed Eustachio
  4251 | D:6      | Reached skill level 7 in Unarmed Combat
  4569 | D:6      | Found a staircase to the Ecumenical Temple.
  4859 | D:7      | Reached XP level 9. HP: 51/89 MP: 8/8
  4929 | D:7      | Paralysed by an orc priest for 5 turns
  5057 | D:7      | Reached skill level 8 in Unarmed Combat
  5066 | D:7      | Noticed a manticore
  5092 | D:7      | Killed a manticore
  5494 | D:8      | Found a transporter.
  5561 | D:8      | Found a transporter.
  5562 | D:8      | Noticed a moth of wrath
  5565 | D:8      | Found a bloodstained altar of Trog.
  5579 | D:8      | Noticed a two-headed ogre
  5579 | D:8      | Noticed bande's ghost (novice GrFi)
  5644 | D:8      | Reached XP level 10. HP: 96/102 MP: 9/9
  5705 | D:8      | Reached skill level 9 in Unarmed Combat
  6328 | D:9      | Identified the +4 halberd "Zauclazayrgh" {holy, Str+4}
  6391 | D:9      | Noticed a cyclops
  6405 | D:9      | Killed a cyclops
  6408 | D:9      | Found a staircase to the Orcish Mines.
  6490 | D:9      | Reached ***** piety under Trog
  6657 | D:9      | Identified a scroll of acquirement
  6657 | D:9      | Acquired a manual of Unarmed Combat
  6681 | D:9      | Reached skill level 10 in Unarmed Combat
  6733 | D:9      | Found Atzuynt's Antique Weapon Boutique.
  6919 | D:10     | Entered Level 10 of the Dungeon
  7016 | D:10     | Noticed a stone giant
  7024 | D:10     | Noticed Josephine
  7027 | D:10     | HP: 2/106 [shadow (8)]
  7028 | D:10     | Slain by an orc wizard

Illustrated notes

Levels and vault maps discovered:
D:1:      lightli_arrival_isolated_outpost, layout_loops_corners
D:2:      layout_rooms, basic_altar, nicolae_ecumenical_lake_church,
          fountainhead
D:3:      layout_rooms, lightli_sewer_entry_pipes, serial_shops,
          nicolae_shop_crystal, uniq_grinder
D:4:      layout_loops_ring, lemuel_tele_altar, minmay_misc_feat_enclosed,
          minmay_strange_pillars
D:5:      layout_loops_corners, gammafunk_temple_overflow_pools,
          chequers_serial_rivers_small_3, uniq_menkaure, uniq_duvessa
D:6:      layout_loops_ring, minmay_temple_entry_gardened_gates, uniq_eustachio,
          uniq_crazy_yiuf_cottage
D:7:      minmay_chambers_of_fours, layout_cave_pools
D:8:      layout_rooms, serial_rivers, chequers_serial_rivers_small_b,
          chequers_serial_rivers_micro_e, chequers_serial_rivers_large_a,
          chequers_serial_rivers_small_a, chequers_serial_rivers_room_b,
          chequers_serial_rivers_small_3, gammafunk_ghost_wrathful_warriors,
          grunt_decor_junction
D:9:      layout_roguey, orc_0_dummy, serial_shops, nicolae_square_shop
D:10:     lemuel_castle_with_subvaults [lemuel_castle_interior_original],
          layout_stronghold, marbit_many_paths, grunt_temple_overflow_open,
          serial_column_ruins, column_ruins_hut_ruined, column_ruins_hut_ruined,
          column_ruins_columns_T, column_ruins_grid_1, column_ruins_grid_4,
          column_ruins_open_tiny, uniq_josephine, uniq_lodul, uniq_psyche

Skill      XL: |  1  2  3  4  5  6  7  8  9 10 |
---------------+-------------------------------+-----
Fighting       | 3 4 5 6 7 8 |  8.5
Dodging        | 3 4 5 6 7 8 |  8.5
Unarmed Combat | 4 5 6 7 8 10 | 10.5

Action                   |  1- 3 |  4- 6 |  7- 9 | 10-12 || total
-------------------------+-------+-------+-------+-------++-------
Melee: Unarmed           |    62 |   129 |   330 |   131 ||   652
       Punch             |       |     1 |    12 |     6 ||    19
Throw: Throwing net      |       |       |     1 |     6 ||     7
       Large rock        |       |       |       |     3 ||     3
Invok: Berserk           |     1 |     1 |       |       ||     2
       Brothers in Arms  |       |       |     3 |     1 ||     4
       Trog's Hand       |       |       |     1 |       ||     1
  Use: Scroll            |       |     4 |     5 |     5 ||    14
       Potion            |       |       |     7 |     1 ||     8
 Stab: Sleeping          |       |     4 |     4 |     2 ||    10
Armor: Animal skin       |    14 |     3 |       |       ||    17
       Robe              |       |    13 |    82 |    15 ||   110
       Troll leather arm |       |       |       |     8 ||     8
Dodge: Dodged            |    48 |    81 |   220 |    94 ||   443

Table legend: (Time is in decaauts)
 A = Elapsed time spent in this place.
 B = Non-inter-level travel time spent in this place.
 C = Inter-level travel time spent in this place.
 D = Time resting spent in this place.
 E = Time spent auto-exploring this place.
 F = Levels seen in this place.
 G = Mean time per level.
                   A        B        C        D        E       F      G
               +--------+--------+--------+--------+--------+-----+--------+
         Total |   6982 |   6756 |    226 |    282 |   4093 |  11 |  634.7 |
       Dungeon |   6800 |   6574 |    226 |    282 |   4009 |  10 |  680.0 |
         Sewer |    181 |    181 |      0 |      0 |     84 |   1 |  181.0 |
               +--------+--------+--------+--------+--------+-----+--------+

Top non-repeatable levels by time:
     D:5: 938 daAuts
     D:1: 881 daAuts
     D:6: 836 daAuts
     D:8: 819 daAuts
     D:4: 750 daAuts
     D:2: 681 daAuts
     D:7: 675 daAuts
     D:9: 590 daAuts
     D:3: 524 daAuts
   Sewer: 181 daAuts
    D:10: 103 daAuts
